 Dungeon Crawl Stone Soup version 5.7-8-g3a8b389 (webtiles) character file.

3039 justtesting the Cleaver (level 11, 0/75 HPs)
             Began as a Mountain Dwarf Torpor Knight on Aug 25, 2018.
             Was an Elder of Cheibriados.
             Killed by divine providence
             ... invoked by an orc high priest
              (13 damage)
             ... on level 10 of the Dungeon.
             The game lasted 00:50:14 (9564 turns).

justtesting the Cleaver (MDTK)                      Turns: 9564, Time: 00:50:14

Health: 0/75       AC: 14 (39%)Str: 25  XL:     11   Next: 31%
Magic:  17/19      EV: 16    Int: 24    God:    Cheibriados [4*[103]]
Gold:   712        SH:  0    Dex: 24    Spells: 20/22 levels left

rFire    . . .     SeeInvis .   E - +0 war axe
rCold    . . .     Faith    .   (no shield)
rNeg     . . .     Spirit   .   b - +0 plate armour {ponderous}
rPois    +         Reflect  .   i - +1 helmet
rElec    .                      m - +0 cloak
rCorr    .                      (no gloves)
MR       .....                  (no boots)
Stlth    ..........             (no amulet)
Regen    0.3/turn               x - +3 ring of evasion
MPRegen  0.3/turn               s - +3 ring of evasion

@: corroded, very slow
A: agile, poison resistance, wild magic 1, sturdy frame
a: End Infusion, Bend Time, Temporal Distortion, Slouch, Renounce Religion


You were on level 10 of the Dungeon.
You worshipped Cheibriados.
Cheibriados was greatly pleased with you.
You were not hungry.

You visited 1 branch of the dungeon, and saw 10 of its levels.

You collected 712 gold pieces.

Inventory:

Hand Weapons
 e - a +0 hand axe
 q - a +3 dagger
 u - a +0 flail of holy silver
 A - a +0 shortbow
 D - the +2 spear "Kehu" {freeze, +Rage MR+ Stlth+}
   (You found it on level 6 of the Dungeon)

   It has been specially enchanted to freeze those struck by it, causing extra
   injury to most foes and up to half again as much damage against particularly
   susceptible opponents.
   It can also slow down cold-blooded creatures.
   It affects your resistance to hostile enchantments.
   It lets you go berserk.
   It makes you more stealthy.
 E - a +0 war axe (weapon)
 K - a +3 scimitar of flaming
 M - a +1 whip of freezing
Missiles
 c - 6 curare darts
 l - 9 poisoned darts (quivered)
 n - 27 javelins
 F - 51 javelins of penetration
Armour
 b - a +0 plate armour of ponderousness (worn)
 i - a +1 helmet (worn)
 m - a +0 cloak (worn)
 G - a +0 pair of gloves
 O - a +0 buckler
Jewellery
 h - a +5 ring of dexterity
 s - a +3 ring of evasion (right hand)
 x - a +3 ring of evasion (left hand)
 y - an uncursed ring of ice
 C - a +5 ring of dexterity
 P - an uncursed ring of poison resistance
 Q - an uncursed ring of ice
Wands
 o - a wand of slimification (9)
 H - a wand of lightning (4)
 I - a wand of clouds (3)
 J - a wand of digging (4)
 R - a wand of scattershot (1)
 S - a wand of iceblast (8)
Scrolls
 d - 5 scrolls of amnesia
 f - 3 scrolls of magic mapping
 g - 2 scrolls of fear
 j - 6 scrolls of enchant armour
 k - 3 scrolls of fog
 r - 5 scrolls of enchant weapon
 t - a scroll of immolation
 w - 3 scrolls of teleportation
 L - a scroll of blinking
Potions
 a - 2 potions of heal wounds
 p - 3 potions of flight
 v - 3 potions of mutation
 z - 2 potions of cancellation
 B - a potion of lignification
 N - a potion of ambrosia


   Skills:
 + Level 3.2 Fighting
 + Level 12.4 Axes
 - Level 4.7 Throwing
 - Level 9.3 Armour
 - Level 0.7 Dodging
 - Level 3.7 Summonings
 + Level 9.7 Invocations


You had 20 spell levels left.
You knew the following spells:

 Your Spells              Type           Power        Failure   Level  Hunger
a - Infusion              Chrm           0 (25)       47%         1    N/A
b - Summon Small Mammal   Summ           23 (25)      13%         1    N/A

Your spell library contained the following spells:

 Spells                   Type           Power        Failure   Level  Hunger
 Apportation              Tloc           0 (1000)     47%         1    N/A
 Sublimation of Blood     Necr           0 (200)      61%         2    N/A
 Confusing Touch          Hex            0 (50)       47%         1    N/A
 Ignite Poison            Fire/Tmut      0 (100)      83%         3    N/A
 Alistair's Intoxication  Tmut           0 (100)      100%        5    N/A
 Petrify                  Tmut/Erth      0 (100)      99%         4    N/A
 Irradiate                Tmut           0 (200)      100%        5    N/A

Dungeon Overview and Level Annotations

Branches:
Dungeon (10/15)

Altars:
Cheibriados
Dithmenos
Elyvilon
Gozag
Jiyva
Kikubaaqudgha
Lugonu
Makhleb
Nemelex Xobeh
Okawaru
Qazlal
Ru
Sif Muna
Trog
Uskayaw
Vehumet
Wu Jian
Xom
Yredelemnul
Zin
The Shining One


Innate Abilities, Weirdness & Mutations

Your spells are a little harder to cast, but a little more powerful.
Your movements are less encumbered by armour. (ER -6)
You are agile. (Dex +5)
Your system is resistant to poisons. (rPois)


Message History

You barely miss the neqoxec. You slash the orc (8)!
You kill the orc!
Cheibriados appreciates the change of pace.
The rust devil hits you (5).
* * * LOW HITPOINT WARNING * * *
The rust devil corrodes you! The neqoxec hits you (1).
* * * LOW HITPOINT WARNING * * *
The sun demon closely misses you.
The orc high priest hits you but does no damage.
Unknown command.
You closely miss the orc high priest.
The orc high priest is severely wounded.
You hit the sun demon but do no damage. You closely miss the rust devil.
You hit the neqoxec (3). You completely miss the orc warrior.
The sun demon barely misses you. The rust devil closely misses you.
The neqoxec hits you (2).
* * * LOW HITPOINT WARNING * * *
The orc high priest calls down the wrath of Beogh upon you.
Beogh smites you (13)!
You die...

........ ........ ....... ....###
###########+### # ....#
.......#......# # ....#
.......#......# # #...#
......o#......# # #...#
.....o3#......# # ....#
#....o@4....# #
###'#######....o#3....###########
.........#########....##........#
.........#########....##........#
.......................#........#
.......................#........'
.......................#........#
..............[.......###########
......................#..........


You could see an orc high priest, a sun demon, a rust devil, a neqoxec, an orc
warrior and 2 orcs.

Vanquished Creatures
  Snorg (D:10)
  Fannar (D:10)
  Erica (D:8)
  Pikel (D:8)
  Psyche (D:10)
  A troll (D:10)
  2 slime creatures (D:9)
  2 wyverns (D:7)
  6 yaks (D:8)
  An angry ghost (D:10)
  Edmund (D:4)
  2 orc warriors
  A black bear (D:10)
  3 ice beasts
  A wasp (D:8)
  2 ogres
  A blink frog zombie (D:9)
  7 centaurs
  3 bullfrogs
  A scorpion (D:5)
  A water moccasin skeleton (D:6)
  6 crimson imps
  4 killer bees (D:9)
  2 centaur zombies
  A quasit (D:8)
  A bullfrog zombie (D:6)
  3 orc priests
  7 orc wizards
  5 centaur skeletons
  4 hounds
  2 jellies
  A bullfrog skeleton (D:7)
  5 worker ants
  A killer bee zombie (D:8)
  3 iguanas
  3 hound zombies
  2 hound skeletons
  7 gnolls
  11 adders
  2 shadow imps
  An ooze (D:5)
  3 dart slugs
  10 orcs
  8 quokkas
  5 bats
  2 giant cockroaches
  7 hobgoblins
  15 jackals
  A ball python (D:1)
  5 frilled lizards
  11 goblins
  2 kobolds
  2 quokka skeletons
  7 rats
189 creatures vanquished.

Vanquished Creatures (others)
  A slave (D:8)
  An orc wizard (D:8)
2 creatures vanquished.

Grand Total: 191 creatures vanquished

Notes
Turn   | Place    | Note
-------+----------+-------------------------------------------
     0 | D:1      | justtesting the Mountain Dwarf Torpor Knight began the quest for the Orb.
     0 | D:1      | Reached XP level 1. HP: 17/17 MP: 2/2
   165 | D:1      | Reached XP level 2. HP: 23/23 MP: 4/4
   190 | D:1      | Reached skill level 4 in Axes
   472 | D:1      | Reached XP level 3. HP: 17/28 MP: 5/5
   585 | D:1      | Reached ** piety under Cheibriados
   884 | D:1      | Gained mutation: You are agile. (Dex +5) [mutagenic hatch]
  1038 | D:2      | Reached XP level 4. HP: 32/34 MP: 5/7
  1046 | D:2      | Reached skill level 5 in Axes
  1176 | D:2      | Reached *** piety under Cheibriados
  1194 | D:2      | Found a snail-covered altar of Cheibriados.
  1198 | D:2      | Found an opulent altar of Gozag.
  1198 | D:2      | Found a deep blue altar of Sif Muna.
  1467 | D:2      | Reached XP level 5. HP: 38/39 MP: 9/9
  1616 | D:2      | Found a faded altar of an unknown god.
  1724 | D:3      | Found a bloodstained altar of Trog.
  1786 | D:3      | Found a shimmering altar of Xom.
  1960 | D:3      | Found a white marble altar of Elyvilon.
  2215 | D:3      | Reached skill level 1 in Throwing
  2221 | D:3      | Found an iron altar of Okawaru.
  2325 | D:3      | Found a shadowy altar of Dithmenos.
  2559 | D:4      | Noticed Edmund
  2575 | D:4      | Killed Edmund
  2575 | D:4      | Reached skill level 6 in Axes
  2575 | D:4      | Gained mutation: Your spells are a little harder to cast, but a little more powerful. [Mountain Dwarf growth]
  2575 | D:4      | Reached XP level 6. HP: 46/46 MP: 11/11
  2593 | D:4      | Found a corrupted altar of Lugonu.
  2597 | D:4      | Found a sparkling altar of Nemelex Xobeh.
  2598 | D:4      | Found a burning altar of Makhleb.
  2598 | D:4      | Found a glowing golden altar of the Shining One.
  2628 | D:4      | Found a radiant altar of Vehumet.
  2941 | D:4      | Reached **** piety under Cheibriados
  3155 | D:4      | Reached XP level 7. HP: 30/51 MP: 13/13
  3180 | D:4      | Found an ornate altar of the Wu Jian Council.
  3204 | D:4      | Reached skill level 7 in Axes
  3361 | D:5      | Entered Level 5 of the Dungeon
  3386 | D:5      | Reached skill level 5 in Invocations
  3716 | D:5      | Found a hide-covered altar of Uskayaw.
  3889 | D:5      | Reached skill level 8 in Axes
  3950 | D:5      | Reached ***** piety under Cheibriados
  3950 | D:5      | Reached XP level 8. HP: 57/57 MP: 16/16
  4280 | D:6      | Found an iron altar of Okawaru.
  4345 | D:6      | Reached skill level 9 in Axes
  4710 | D:6      | Got the +2 spear "Kehu" {freeze, +Rage MR+ Stlth+}
  4712 | D:6      | Found a sacrificial altar of Ru.
  5090 | D:6      | Found an opulent altar of Gozag.
  5187 | D:7      | Noticed a wyvern
  5193 | D:7      | Killed a wyvern
  5193 | D:7      | Reached skill level 10 in Axes
  5193 | D:7      | Reached XP level 9. HP: 52/62 MP: 19/19
  5225 | D:7      | Learned a level 1 spell: Infusion
  5227 | D:7      | Learned a level 1 spell: Summon Small Mammal
  5289 | D:7      | Found a glowing silver altar of Zin.
  5476 | D:7      | Found a stormy altar of Qazlal.
  5608 | D:7      | Found a viscous altar of Jiyva.
  5825 | D:7      | Found an ancient bone altar of Kikubaaqudgha.
  5825 | D:7      | Found a basalt altar of Yredelemnul.
  5922 | D:8      | Reached skill level 1 in Summonings
  6028 | D:8      | Noticed Erica
  6034 | D:8      | HP: 1/62 [poisoned by Erica (bolt of poison)]
  6039 | D:8      | Killed Erica
  6039 | D:8      | Reached skill level 11 in Axes
  6039 | D:8      | Reached skill level 5 in Armour
  6335 | D:8      | Reached XP level 10. HP: 65/68 MP: 15/18
  6385 | D:8      | Noticed Pikel
  6437 | D:8      | Killed Pikel
  7001 | D:8      | Found a deep blue altar of Sif Muna.
  7043 | D:8      | Gained mutation: Your system is resistant to poisons. (rPois) [mutagenic hatch]
  7282 | D:9      | Noticed a black mamba
  7283 | D:9      | a black mamba changed into a slime creature
  7340 | D:9      | Noticed a spiny frog
  7341 | D:9      | a spiny frog changed into a slime creature
  7945 | D:10     | Entered Level 10 of the Dungeon
  7956 | D:10     | Noticed Fannar
  7979 | D:10     | Killed Fannar
  7979 | D:10     | Reached skill level 12 in Axes
  7979 | D:10     | Reached XP level 11. HP: 9/73 MP: 14/21
  8283 | D:10     | Noticed Snorg
  8296 | D:10     | Killed Snorg
  8724 | D:10     | Noticed Psyche
  8737 | D:10     | Killed Psyche
  9543 | D:10     | Noticed an orc high priest
  9550 | D:10     | Noticed a sun demon
  9550 | D:10     | Noticed a soul eater
  9564 | D:10     | Killed from afar by an orc high priest

Skill      XL: |  1  2  3  4  5  6  7  8  9 10 11 |
---------------+----------------------------------+-----
Axes           | 4 5 6 8 10 11 12 | 12.4
Invocations    | 3 4 5 6 8 9 |  9.7
Throwing       | 1 2 3 4 |  4.7
Summonings     | 2 3 |  3.7
Armour         | 5 8 9 |  9.3
Fighting       | 3 |  3.2
Dodging        | |  0.7

Action                   |  1- 3 |  4- 6 |  7- 9 | 10-12 || total
-------------------------+-------+-------+-------+-------++-------
Melee: Hand axe          |   138 |   165 |   261 |       ||   564
       War axe           |       |       |    68 |   207 ||   275
Throw: Poisoned dart     |       |    16 |    21 |    31 ||    68
       Curare dart       |       |     2 |     3 |     6 ||    11
       Javelin           |       |       |    10 |     6 ||    16
 Cast: Infusion          |       |       |     1 |       ||     1
Invok: Bend Time         |     1 |       |       |       ||     1
       Slouch            |       |       |     2 |     7 ||     9
Evoke: Wand              |       |       |       |     2 ||     2
  Use: Potion            |       |       |     2 |     2 ||     4
       Scroll            |       |       |       |     2 ||     2
Armor: Plate armour      |    93 |    67 |   120 |   105 ||   385
Dodge: Dodged            |    61 |    76 |   213 |   186 ||   536
